 Dungeon Crawl Stone Soup version 0.29-a0-902-g0f71de6fce (webtiles) character file.

Game seed: 16327258397053406361

630 HoaS the Skirmisher (level 7, -8/40 HPs)
             Began as a Gargoyle Hunter on July 24, 2022.
             Mangled by a wyvern (20 damage)
             ... on level 5 of the Dungeon.
             The game lasted 00:08:58 (3220 turns).

HoaS the Skirmisher (Gargoyle Hunter)               Turns: 3220, Time: 00:08:59

Health: -8/40      AC: 11    Str: 15    XL:     7   Next: 48%
Magic:  7/7        EV: 11    Int:  9    God:
Gold:   165        SH:  0    Dex: 15    Spells: 6/6 levels left

rFire   . . .      SeeInvis .   a - +1 shortbow (chaos)
rCold   . . .      Faith    .   (shield currently unavailable)
rNeg    + + .      Spirit   .   c - +0 leather armour
rPois   ∞          Reflect  .   e - +0 helmet
rElec   +          Harm     .   (no cloak)
rCorr   +          Rampage  .   m - +1 pair of gloves of the Evening Star {rElec rN+ Regen+}
Will    .....                   j - +0 pair of boots
Stlth   ++........              (no amulet)
HPRegen 0.93/turn               s - ring of resist corrosion
MPRegen 0.10/turn               (no ring)

@: no status effects
A: sickness immunity, AC +4, negative energy resistance 1, electricity
resistance, torment resistance 1, petrification resistance
a: no special abilities


You were on level 5 of the Dungeon.
You visited 1 branch of the dungeon, and saw 5 of its levels.

You collected 247 gold pieces.
You spent 82 gold pieces at shops.

Inventory:

Hand Weapons
 a - a +1 shortbow of chaos (weapon)
Armour
 c - a +0 leather armour (worn)
 d - a +2 chain mail of fire resistance
 e - a +0 helmet (worn)
 i - a +0 ring mail
 j - a +0 pair of boots (worn)
 m - the +1 pair of gloves of the Evening Star (worn) {rElec rN+ Regen+}
   (You acquired it on level 2 of the Dungeon)

   rElec:     It insulates you from electricity.
   rN:        It protects you from negative energy.
   Regen:     It increases your rate of health regeneration.
Jewellery
 s - a ring of resist corrosion (left hand)
Wands
 f - a wand of flame (16)
 h - a wand of paralysis (2)
 q - a wand of polymorph (9)
Scrolls
 b - 2 scrolls of immolation
 k - a scroll of blinking
 o - a scroll of fear
 p - a scroll of identify
 t - a scroll of vulnerability {unknown}
Potions
 g - a potion of attraction
 l - 3 potions of curing
 n - 2 potions of haste
 r - a potion of flight {unknown}


   Skills:
 - Level 2.1 Fighting
 + Level 8.9 Ranged Weapons
 - Level 1.5 Dodging
 - Level 1.1 Stealth


You had 6 spell levels left.
You didn't know any spells.
Your spell library contained the following spells:

 Spells                   Type           Power      Damage    Failure   Level
 Ignite Poison            Fire/Tmut/Pois 0%         N/A       83%         3
 Mephitic Cloud           Conj/Pois/Air  0%         N/A       83%         3
 Airstrike                Air            0%         0-1+      99%         4
 Summon Lightning Spire   Summ/Air       0%         N/A       99%         4
 Freezing Cloud           Conj/Ice/Air   0%         6-21      100%        5
 Lightning Bolt           Conj/Air       0%         1d11      100%        5


Dungeon Overview and Level Annotations

Branches:
Dungeon (5/15)
 Temple: D:4-7

Altars:
Uskayaw

Shops:
D:2 ?   D:4 ([(


Innate Abilities, Weirdness & Mutations

You are immune to sickness and miasma.
Your stone body is resilient. (AC +4)
You are immune to poison.
You resist negative energy. (rN+)
You are resistant to electric shocks. (rElec)
You are resistant to unholy torment.
You are immune to petrification.


Message History

You shoot an arrow. The arrow barely misses the wyvern.
You shoot an arrow. The arrow hits the wyvern.
The arrow burns the wyvern.
The wyvern is moderately wounded.
You shoot an arrow. The arrow closely misses the wyvern.
You shoot an arrow.
The arrow hits the wyvern but does no damage.
The wyvern goes berserk!
The wyvern is moderately wounded.
The wyvern bites you but does no damage.
The wyvern closely misses you.
You shoot an arrow.
The arrow hits the wyvern but does no damage.
The wyvern is moderately wounded.
The wyvern barely misses you. The wyvern bites you! The wyvern bites you.
You shoot an arrow. The arrow hits the wyvern.
The wyvern appears confused.
The wyvern is heavily wounded.
You shoot an arrow. The arrow completely misses the wyvern.
You shoot an arrow. The arrow hits the wyvern.
The wyvern seems to grow stronger.
The wyvern is heavily wounded.
You shoot an arrow. The arrow hits the wyvern.
The wyvern is heavily wounded.
You shoot an arrow. The arrow hits the wyvern.
The wyvern easily resists.
The wyvern is severely wounded.
The wyvern bites you!!
Ouch! That really hurt!
You are too injured to fight recklessly!
You are too injured to fight recklessly!
You are too injured to fight recklessly!
You are too injured to fight recklessly!
You are too injured to fight recklessly!
You are too injured to fight recklessly!
Fire: a) +1 shortbow (chaos)
Press: ? - help, Q - select action, (/) - cycle Shift-Dir - straight line, f/p - wyvern
Aim: a wyvern (severely wounded, berserk, strong, confused, 81% to hit)
You shoot an arrow. The arrow hits the wyvern!
The wyvern is poisoned.
The wyvern is almost dead.
The wyvern closely misses you. The wyvern bites you!!
Ouch! That really hurt!
You die...

........#......
.##.##..#...###..#
............# #..#
.#####..#...###..#### .#
#..............
.#####..#...##.....
...................
........##..##..l# ..#
.#####..##..##..@####..#
.#####..##.............#
........###.##.#.###...#
.#####....#.##.#.# #...#
.#####..#.#.##.#.###...#
........#.#............#
.########.####.#.......#
...........###.#.###...#
.###.............# #...#


You could see a wyvern (berserk, strong, confused, very poisoned).

Vanquished Creatures
  2 ogres (D:4)
  2 hounds
  3 orc priests
  A jelly (D:5)
  An iguana (D:4)
  An orc wizard (D:5)
  Robin (D:2)
  3 gnolls (D:4)
  7 adders
  A white imp (D:5)
  An ufetubus (D:5)
  A worm (D:2)
  2 dart slugs (D:3)
  6 orcs
  4 bats
  6 endoplasms
  5 giant cockroaches
  17 goblins
  14 hobgoblins
  6 jackals
  6 quokkas
  4 ball pythons
  6 frilled lizards
  9 kobolds
  2 rats
111 creatures vanquished.

Notes
Turn   | Place    | Note
-------+----------+-------------------------------------------
     0 | D:1      | HoaS the Gargoyle Hunter began the quest for the Orb.
     0 | D:1      | Reached XP level 1. HP: 12/12 MP: 1/1
   118 | D:1      | Reached XP level 2. HP: 17/17 MP: 2/2
   173 | D:1      | Found a faded altar of an unknown god.
   750 | D:1      | Reached XP level 3. HP: 21/21 MP: 3/3
   891 | D:2      | Reached skill level 5 in Ranged Weapons
  1044 | D:2      | Reached XP level 4. HP: 25/26 MP: 4/4
  1102 | D:2      | Found Rute's Magic Scroll Shoppe.
  1135 | D:2      | Reached skill level 6 in Ranged Weapons
  1150 | D:2      | Noticed Robin
  1166 | D:2      | Killed Robin
  1167 | D:2      | Reached XP level 5. HP: 19/30 MP: 5/5
  1394 | D:2      | Bought a scroll of blinking for 82 gold pieces
  1436 | D:2      | Identified a scroll of acquirement
  1436 | D:2      | Acquired the +1 pair of gloves of the Evening Star {rElec
                  | rN+ Regen+}
  1878 | D:3      | Identified the +0 robe of the Circus Animal {Slay+3}
  1987 | D:3      | Reached skill level 7 in Ranged Weapons
  2072 | D:3      | Reached XP level 6. HP: 35/35 MP: 6/6
  2081 | D:3      | Identified the +2 mace of Uskayaw's Generosity {freeze,
                  | *Slow +Blink Str+5 Stlth+}
  2184 | D:4      | Found Dahyetug's Antique Armour Shop.
  2528 | D:4      | Found Huoteqei's Antique Weapon Emporium.
  2681 | D:4      | Reached skill level 8 in Ranged Weapons
  2681 | D:4      | Reached XP level 7. HP: 3/40 MP: 7/7
  2738 | D:4      | Found Saynty's Weapon Shoppe.
  2743 | D:4      | Found a hide-covered altar of Uskayaw.
  2918 | D:5      | Entered Level 5 of the Dungeon
  3209 | D:5      | Noticed a wyvern
  3209 | D:5      | a hound changed into a wyvern
  3220 | D:5      | Mangled by a wyvern

Illustrated notes

Levels and vault maps discovered:
D:1:      saegor_arrival_simple_b, layout_basic, basic_ecumenical_altar
D:2:      layout_rooms, serial_shops, shop, uniq_robin
D:3:      layout_rooms, minmay_crystal_room, minmay_close_crescents
D:4:      nicolae_cairo_tiling_large, layout_loops_cross,
          nicolae_overflow_crystal_walls, serial_shops, nicolae_shop_waterfront,
          nicolae_shop_statue_plus, nicolae_diamond_shop
D:5:      layout_basic

Skill      XL: |  1  2  3  4  5  6 |
---------------+-------------------+-----
Ranged Weapons | 5 6 7 8 |  8.9
Fighting       | |  2.1
Dodging        | |  1.5
Stealth        | |  1.1

Action                   |  1- 3 |  4- 6 |  7- 9 || total
-------------------------+-------+-------+-------++-------
Melee: Shortbow          |       |     1 |       ||     1
 Fire: Shortbow          |    98 |   236 |    56 ||   390
  Use: Scroll            |     5 |    10 |       ||    15
Armor: Leather armour    |    13 |    56 |    15 ||    84
Dodge: Dodged            |    34 |    71 |     8 ||   113

Table legend: (Time is in decaauts)
 A = Elapsed time spent in this place.
 B = Non-inter-level travel time spent in this place.
 C = Inter-level travel time spent in this place.
 D = Time resting spent in this place.
 E = Time spent auto-exploring this place.
 F = Levels seen in this place.
 G = Mean time per level.
                   A        B        C        D        E       F      G
               +--------+--------+--------+--------+--------+-----+--------+
         Total |   3302 |   3177 |    125 |    267 |   2187 |   5 |  660.4 |
       Dungeon |   3302 |   3177 |    125 |    267 |   2187 |   5 |  660.4 |
               +--------+--------+--------+--------+--------+-----+--------+

Top non-repeatable levels by time:
     D:1: 899 daAuts
     D:2: 878 daAuts
     D:4: 767 daAuts
     D:3: 452 daAuts
     D:5: 304 daAuts
